 Dungeon Crawl Stone Soup version 0.23.2-30-g0e89c35649 (webtiles) character file.

Game seed: 1154393961184789970

42 Artanis the Sneak (level 3, 0/18 HPs)
             Began as a Spriggan Assassin on June 23, 2019.
             Succumbed to an adder's poison
             ... on level 2 of the Dungeon.
             The game lasted 00:10:50 (1507 turns).

Artanis the Sneak (Spriggan Assassin)               Turns: 1507, Time: 00:10:51

Health: 0/18       AC:  3    Str:  5 (7)  XL:     3   Next: 35%
Magic:  4/4        EV: 17    Int: 10 (12) God:
Gold:   48         SH:  0    Dex: 17 (18) Spells: 2/2 levels left

rFire    . . .     SeeInvis +   l - +2 dagger (venom)
rCold    . . .     Gourm    .   (shield restricted)
rNeg     . . .     Faith    .   c - +0 robe
rPois    .         Spirit   .   (helmet restricted)
rElec    .         Reflect  .   d - +0 cloak
rCorr    .         Harm     .   (gloves unavailable)
MR       .....                  (boots unavailable)
Stlth    ++++......             (no amulet)
HPRegen  0.06/turn              (no ring)
MPRegen  0.09/turn              (no ring)

@: lethally poisoned (0 -> -8), very quick
A: very small, unfitting armour, see invisible, herbivore, speed 3, slow
metabolism 2
a: no special abilities


You were on level 2 of the Dungeon.
You were not hungry.

You visited 1 branch of the dungeon, and saw 2 of its levels.

You collected 48 gold pieces.

Inventory:

Hand Weapons
 b - a +0 blowgun
 l - a +2 dagger of venom (weapon)
Missiles
 e - 8 poisoned needles
 f - 2 curare-tipped needles
 j - 64 stones (quivered)
Armour
 c - a +0 robe (worn)
 d - a +0 cloak (worn)
Scrolls
 a - a scroll of immolation {unknown}
 h - a scroll of enchant weapon {unknown}
 i - a scroll of fear
 k - a scroll of identify {unknown}
 n - a scroll of fog {unknown}
Comestibles
 g - 2 rations


   Skills:
 - Level 1.5 Fighting
 - Level 2.1 Short Blades
 - Level 2.0 Throwing
 - Level 1.5 Dodging
 + Level 7.9 Stealth


You had 2 spell levels left.
You didn't know any spells.
Your spell library was empty.

Dungeon Overview and Level Annotations

Branches:
Dungeon (2/15)

Altars:


Innate Abilities, Weirdness & Mutations

You are very small and have problems with some larger weapons.
You are too small for most types of armour.
You have supernaturally acute eyesight. (SInv)
You are a herbivore.
You cover ground extremely quickly.
You need to consume almost no food.


Message History

You feel sick. The adder misses you. The goblin hits you.
* * * LOW HITPOINT WARNING * * *
You feel sick. The adder closely misses you. The goblin misses you.
* * * LOW HITPOINT WARNING * * *
You feel sick.
You kill the adder!
* * * LOW HITPOINT WARNING * * *
You feel sick.
* * * LOW HITPOINT WARNING * * *
You feel sick.
It was a potion of degeneration.
There was something very wrong with that liquid.
You feel weakened.
You feel dopey.
You feel clumsy.
* * * LOW HITPOINT WARNING * * *
You feel sick.
You eat one of the 3 rations.
That ration really hit the spot!
As you read the scroll labeled ANNOTZ JAGOHI, it crumbles to dust.
You assume a fearsome visage.
The goblin looks frightened!
The rat looks frightened!
It was a scroll of fear.
You die...

#..#>.....†........
#..#.##.###..#####
#..#.##.# #..#######
#..####.###.........
#.<.....#.†......##
#########........#
#...>....#
#........#
####.@#### ##g# #.##
#..# ##.##
#####r$######
#......?.....
#...........[
#............


You could see a goblin (fleeing) and a rat (fleeing).

Vanquished Creatures
  An adder (D:2)
  A leopard gecko (D:1)
  2 giant cockroaches (D:1)
  2 hobgoblins (D:1)
  7 jackals (D:1)
  4 bats
  4 frilled lizards
  3 goblins (D:1)
  4 kobolds (D:1)
  2 rats (D:1)
30 creatures vanquished.

Notes
Turn   | Place    | Note
-------+----------+-------------------------------------------
     0 | D:1      | Artanis the Spriggan Assassin began the quest for the Orb.
     0 | D:1      | Reached XP level 1. HP: 10/10 MP: 2/2
   111 | D:1      | Reached skill level 6 in Stealth
   284 | D:1      | Reached XP level 2. HP: 14/14 MP: 3/3
   784 | D:1      | Reached skill level 7 in Stealth
  1255 | D:1      | Reached XP level 3. HP: 17/18 MP: 4/4
  1507 | D:2      | Succumbed to an adder's poison

Skill      XL: |  1  2 |
---------------+-------+-----
Stealth        | 6 7 |  7.9
Fighting       | |  1.5
Short Blades   | |  2.1
Throwing       | |  2.0
Dodging        | |  1.5

Action                   || total
-------------------------++-------
Melee: Dagger            ||    70
  Use: Scroll            ||     1
       Potion            ||     1
 Stab: Sleeping          ||    11
  Eat: Ration            ||     1
Armor: Robe              ||    10
Dodge: Dodged            ||    41
